 Dungeon Crawl Stone Soup version 0.26.1-11-gd32895ea62 (webtiles) character file.

Game seed: 16004421373034572407

56443 infcreate the Unseen (level 14, -6/82 HPs)
             Began as a Vampire Enchanter on May 11, 2021.
             Was the Champion of Dithmenos.
             Mangled by an orc warlord
             ... wielding a +2 long sword of holy wrath
              (21 damage)
             ... on level 1 of the Orcish Mines on May 12, 2021.
             The game lasted 01:21:08 (25188 turns).

infcreate the Unseen (Vampire Enchanter)           Turns: 25188, Time: 01:21:08

Health: -6/82      AC: 14    Str: 11    XL:     14   Next: 42%
Magic:  7/25       EV: 22    Int: 25    God:    Dithmenos [******]
Gold:   2107       SH:  8    Dex: 18    Spells: 5/28 levels left

rFire    . . .     SeeInvis +   a - +7 dagger (elec)
rCold    + + .     Faith    .   G - +3 warlock's mirror {reflect}
rNeg     + + +     Spirit   .   y - +3 robe of Toothy the Leaf {rElec Str+4}
rPois    ∞         Reflect  +   h - +2 helmet
rElec    +         Harm     .   k - +2 cloak
rCorr    .         Rampage  .   s - +2 pair of gloves
Will     +....                  (no boots) Stlth ********++
                                g - amulet of regeneration
HPRegen  0.00/turn              Q - ring of stealth
MPRegen  0.19/turn              I - +6 ring of intelligence

@: liquefying, bloodless, wreathed by umbra, slowed movement, very slow
A: fangs 3, see invisible, unbreathing
a: Bat Form, Revivify, Renounce Religion, Shadow Step, Shadow Form


You were on level 1 of the Orcish Mines.
You worshipped Dithmenos.
Dithmenos was exalted by your worship.
You visited 4 branches of the dungeon, and saw 20 of its levels.

You collected 2627 gold pieces.
You spent 520 gold pieces at shops.


Innate Abilities, Weirdness & Mutations

You do not regenerate when monsters are visible.
You are frail without blood (-20% HP).
You can heal yourself when you bite living creatures.
You are immune to poison.
You have razor-sharp teeth.
You have supernaturally acute eyesight. (SInv)
You can survive without breathing.


   Skills:
 + Level 7.5 Fighting
 * Level 12.5 Short Blades
 * Level 12.6 Dodging
 * Level 17.2 Stealth
 - Level 4.0 Shields
 + Level 7.8 Spellcasting
 + Level 13.9 Hexes
 + Level 4.3 Necromancy


You had 5 spell levels left.
You knew the following spells:

 Your Spells              Type           Power        Failure   Level
a - Leda's Liquefaction   Hex/Erth       22%          3%          4
c - Corona                Hex            75%          1%          1
d - Tukima's Dance        Hex            68%          1%          3
e - Ensorcelled Hibernat  Hex/Ice        88%          1%          2
f - Dazzling Flash        Conj/Hex       88%          1%          3
t - Confusing Touch       Hex            68%          1%          3
v - Vampiric Draining     Necr           15%          3%          3
X - Animate Dead          Necr           15%          11%         4

Your spell library contained the following spells:

 Spells                   Type           Power        Failure   Level
 Animate Skeleton         Necr           62%          1%          1
 Pain                     Necr           100%         1%          1
 Sandblast                Erth           18%          6%          1
 Passwall                 Tmut/Erth      7%           10%         2
 Stone Arrow              Conj/Erth      18%          19%         3
 Agony                    Necr           31%          28%         5
 Petrify                  Tmut/Erth      9%           52%         4
 Sticky Flame             Conj/Fire      9%           52%         4
 Bolt of Magma            Conj/Fire/Erth 4%           86%         5
 Iskenderun's Battlesphe  Conj           9%           86%         5
 Lee's Rapid Deconstruct  Erth           4%           86%         5
 Iron Shot                Conj/Erth      4%           100%        6
 Statue Form              Tmut/Erth      6%           100%        6
 Haunt                    Necr/Summ      10%          100%        7
 Infestation              Necr           15%          100%        8
 Shatter                  Erth           4%           100%        9
 Borgnjor's Revivificati  Necr           Unusable     N/A         8
 Necromutation            Tmut/Necr      Unusable     N/A         8
 Death's Door             Necr           Unusable     N/A         9

Inventory:

Hand Weapons
 a - a +7 dagger of electrocution (weapon)
Missiles
 l - 3 throwing nets {=f}
Armour
 h - a +2 helmet (worn)
 k - a +2 cloak (worn)
 s - a +2 pair of gloves (worn)
 y - the +3 robe of Toothy the Leaf (worn) {rElec Str+4}
   (You found it on level 6 of the Dungeon)

   It affects your strength (+4).
   It insulates you from electricity.
 G - the +3 warlock's mirror (worn) {reflect}
   (You bought it in a shop on level 6 of the Dungeon)
Jewellery
 g - an amulet of regeneration (around neck)
 t - an uncursed ring of willpower
 I - a +6 ring of intelligence (right hand)
 K - an uncursed ring of willpower
 Q - a ring of stealth (left hand)
Wands
 o - a wand of iceblast (31)
 u - a wand of paralysis (27)
 B - a wand of random effects (31)
 D - a wand of polymorph (11)
 F - a wand of flame (51)
Scrolls
 d - 10 scrolls of remove curse {@r2}
 e - 7 scrolls of immolation
 f - 3 scrolls of identify {@r1}
 i - a scroll of fog
 p - 8 scrolls of teleportation {@r4}
 r - 3 scrolls of magic mapping
 z - 3 scrolls of amnesia
 A - 4 scrolls of blinking
 C - a scroll of brand weapon
 J - a scroll of enchant armour
 L - a scroll of torment
Potions
 b - 3 potions of ambrosia
 c - 3 potions of haste {@q3}
 j - 3 potions of flight
 m - 4 potions of brilliance
 n - a potion of cancellation {unknown}
 q - 2 potions of magic
 v - 6 potions of mutation
 w - 2 potions of berserk rage {unknown}
 x - 5 potions of heal wounds {@q2}
 E - 2 potions of attraction {unknown}
 H - 7 potions of curing {@q1}

Dungeon Overview and Level Annotations

Branches:
Dungeon (11/15)            Temple (1/1) D:4            Lair (6/6) D:8
  Swamp (0/4) Lair:2        Snake (0/4) Lair:3        Slime (0/5) Lair:6
    Orc (2/2) D:11            Elf (0/3) Orc:2

Altars:
Ashenzari
Cheibriados
Dithmenos
Elyvilon
Fedhas
Gozag
Hepliaklqana
Kikubaaqudgha
Makhleb
Nemelex Xobeh
Okawaru
Qazlal
Ru
Sif Muna
Trog
Uskayaw
Vehumet
Wu Jian
Xom
Yredelemnul
Zin
The Shining One
Beogh
Jiyva

Shops:
D:6

[ #.
#...##....#....####
# o.o.o#
#.........# .....
#.##...#### ..$..
####.)..### #...
###.......# ##.
###.o.......###
#.............#
###......#......#
#@#...######...##
##o§.....#>...###
##§....##......#
##.....#..#..##
##......#####
##.....# ####...#
...## ##.##


You could see an orc warlord (blind, struggling).


Message History

The orc warlord shouts!
You hear a shout! x3
An orc comes into view.
The orc warlord roars a battlecry!
The orcs go into a battle-frenzy!
The orc warlord roars a battlecry!
The orc goes into a battle-frenzy!
Casting: Ensorcelled Hibernation (safe; 1% risk of failure)
Confirm with . or Enter, or press ? or * to list all spells.
The ground around you becomes liquefied!
Casting: Leda's Liquefaction (dangerous; 3% risk of failure)
Confirm with . or Enter, or press ? or * to list all spells.
The orc warlord becomes momentarily stuck in the liquid earth.
Casting: Dazzling Flash (safe; 1% risk of failure)
Confirm with . or Enter, or press ? or * to list all spells.
The orc warlord hits you with a +2 long sword of holy wrath!!
You emit a cloud of dark smoke.
You convulse!
Casting: Dazzling Flash (safe; 1% risk of failure)
Confirm with . or Enter, or press ? or * to list all spells.
Casting: Dazzling Flash (safe; 1% risk of failure)
Confirm with . or Enter, or press ? or * to list all spells.
The orc warlord hits you with a +2 long sword of holy wrath!!
* * * LOW HITPOINT WARNING * * *
You emit a cloud of dark smoke.
You convulse!
* * * LOW HITPOINT WARNING * * *
Unknown command.
Casting: Dazzling Flash (safe; 1% risk of failure)
Confirm with . or Enter, or press ? or * to list all spells.
The orc warlord is dazzled.
The orc warlord hits you with a +2 long sword of holy wrath!!
You die...

Skill      XL: |  1  2  3  4  5  6  7  8  9 10 11 12 13 14 |
---------------+-------------------------------------------+-----
Stealth        | 5 6 7 8 9 10 12 13 15 16 17 | 17.2
Short Blades   | 2 3 4 5 7 8 9 10 12 | 12.5
Hexes          | 5 6 7 8 9 10 11 12 13 | 13.9
Dodging        | 3 4 5 6 7 8 9 11 12 | 12.6
Fighting       | 1 2 3 4 5 6 7 |  7.5
Spellcasting   | 3 4 5 6 7 |  7.8
Shields        | 2 3 4 |  4.0
Necromancy     | 3 4 |  4.3

Action                   |  1- 3 |  4- 6 |  7- 9 | 10-12 | 13-15 || total
-------------------------+-------+-------+-------+-------+-------++-------
Melee: Dagger            |    48 |   163 |   219 |   442 |   448 ||  1320
       Bite              |     1 |    15 |    18 |    57 |    45 ||   136
 Cast: Corona            |    12 |    17 |    21 |    29 |     9 ||    88
       Ensorcelled Hiber |    15 |    53 |    72 |   163 |   155 ||   458
       Confusing Touch   |       |    12 |    18 |    41 |    28 ||    99
       Tukima's Dance    |       |       |     5 |     7 |     4 ||    16
       Dazzling Flash    |       |       |       |     2 |     7 ||     9
       Leda's Liquefacti |       |       |       |       |     1 ||     1
Invok: Shadow Step       |       |       |       |     3 |       ||     3
 Abil: Exsanguinate      |     1 |       |       |       |       ||     1
  Use: Scroll            |     3 |     4 |     8 |    24 |     8 ||    47
 Stab: Sleeping          |    23 |    37 |    60 |   118 |   117 ||   355
       Confused          |       |     8 |    20 |    35 |    33 ||    96
       Distracted        |       |       |       |     1 |     1 ||     2
       Invisible         |       |       |       |     1 |     1 ||     2
Armor: Robe              |     4 |    23 |    28 |    33 |    25 ||   113
Dodge: Dodged            |    18 |   118 |    97 |   165 |   182 ||   580
Block: Buckler           |       |       |       |    93 |    79 ||   172
       Reflection        |       |       |       |     4 |     7 ||    11

Levels and vault maps discovered:
D:1:      minmay_arrival_doors, layout_loops_ring
D:2:      layout_basic, serial_bayou_crossing, uniq_robin, uniq_terence
D:3:      layout_rooms, minmay_misc_feat_rugged
D:4:      kennysheep_spiral_hall, layout_loops_ring, doesnt_xom_only_xom,
          minmay_temple_entry_arrows, chequers_serial_rivers_room_a
D:5:      layout_basic, grunt_temple_overflow_open, uniq_edmund, uniq_grinder
D:6:      layout_loops_ring, elyvilon_altar_3, serial_shops, shop,
          eino_small_chamber_without_monster, minmay_ogre_servants
D:7:      layout_loops_ring, uniq_maggie
D:8:      layout_rooms, lair_entry_dummy, special_room [special_room_orc],
          grunt_ministairs_7, uniq_harold, uniq_maurice
D:9:      layout_irregular_city, serial_column_ruins, column_ruins_grid_1,
          column_ruins_corridor_dead_end, column_ruins_open_tiny,
          column_ruins_open_tiny, column_ruins_columns_straight, uniq_joseph
D:10:     minmay_smoke_and_mirrors, layout_cave_pools, ebering_ghost_inner_flame
D:11:     layout_loops_ring, erik_orc_4, serial_bayou, serial_bayou_pond_e,
          serial_bayou_lagoon_b, serial_bayou_lake_a, serial_bayou_pond_b,
          serial_bayou_pond_b, serial_bayou_pond_b, uniq_grum, uniq_sonja
Temple:   nicolae_temple_x_marks_the_god
Lair:1:   layout_regular_city, wad_woods_01, minmay_lair_oklob_chamber
Lair:2:   layout_gridlike, swamp_mist, infiniplex_staircase_pool, uniq_urug
Lair:3:   regret_index_wax_grids, layout_cave_pods,
          minmay_snake_entry_guardpost_large, grunt_megastairs_3
Lair:4:   layout_regular_city
Lair:5:   layout_long_grid, roderic_batcave
Lair:6:   evilmike_catoblepas_cave, layout_regular_city, slime_altar_1
Orc:1:    layout_diamond_mine, basic_altar
Orc:2:    st_orc_elflike, layout_diamond_mine, serial_shops,
          nicolae_shop_statue_plus, basic_altar, nicolae_orc_lava_room,
          uniq_azrael, uniq_jorgrun

Notes
Turn   | Place    | Note
-------+----------+-------------------------------------------
     0 | D:1      | infcreate the Vampire Enchanter began the quest for the
                  | Orb.
     0 | D:1      | Reached XP level 1. HP: 13/13 MP: 3/3
   743 | D:1      | Reached XP level 2. HP: 15/15 MP: 5/5
   825 | D:1      | Learned a level 2 spell: Ensorcelled Hibernation
  1229 | D:2      | Noticed Terence
  1369 | D:2      | Noticed Robin
  1398 | D:2      | Killed Robin
  1426 | D:2      | Reached skill level 5 in Stealth
  1426 | D:2      | Reached XP level 3. HP: 19/20 MP: 0/6
  1430 | D:2      | Learned a level 3 spell: Confusing Touch
  2121 | D:2      | Reached skill level 2 in Short Blades
  2282 | D:2      | Killed Terence
  2283 | D:2      | Reached skill level 5 in Hexes
  2283 | D:2      | Reached XP level 4. HP: 24/24 MP: 4/7
  2704 | D:2      | Reached skill level 3 in Dodging
  3002 | D:2      | Reached skill level 1 in Fighting
  3217 | D:3      | Reached XP level 5. HP: 29/29 MP: 5/8
  3692 | D:3      | Reached skill level 6 in Stealth
  3762 | D:3      | Reached skill level 3 in Short Blades
  3999 | D:3      | Learned a level 3 spell: Tukima's Dance
  4331 | D:3      | Reached XP level 6. HP: 22/34 MP: 7/9
  5064 | D:4      | Got a heavy robe
  5066 | D:4      | Identified the +0 robe of the Merchant {Str-5 Int+7} (You
                  | found it on level 4 of the Dungeon)
  5082 | D:4      | Reached skill level 6 in Hexes
  5233 | D:4      | Found a hazy altar of Hepliaklqana.
  5235 | D:4      | Found a shimmering altar of Xom.
  5235 | D:4      | Found a basalt altar of Yredelemnul.
  5237 | D:4      | Found a glowing golden altar of the Shining One.
  5237 | D:4      | Found an opulent altar of Gozag.
  5237 | D:4      | Found an ornate altar of the Wu Jian Council.
  5271 | D:4      | Found a staircase to the Ecumenical Temple.
  5282 | Temple   | Entered the Ecumenical Temple
  5321 | Temple   | Became a worshipper of Dithmenos the Shadowed
  5407 | D:4      | Reached skill level 4 in Dodging
  5407 | D:4      | Reached skill level 7 in Stealth
  5467 | D:4      | Reached XP level 7. HP: 39/39 MP: 4/11
  6049 | D:5      | Entered Level 5 of the Dungeon
  6057 | D:5      | Found a radiant altar of Vehumet.
  6058 | D:5      | Found a glowing golden altar of the Shining One.
  6060 | D:5      | Reached skill level 4 in Short Blades
  6066 | D:5      | Noticed Edmund
  6079 | D:5      | Reached skill level 2 in Fighting
  6079 | D:5      | Reached skill level 3 in Spellcasting
  6124 | D:5      | Found an opulent altar of Gozag.
  6124 | D:5      | Found a sacrificial altar of Ru.
  6403 | D:5      | Reached skill level 7 in Hexes
  6412 | D:5      | Killed Edmund
  6645 | D:5      | Noticed Grinder
  6675 | D:5      | Killed Grinder
  6675 | D:5      | Reached * piety under Dithmenos
  6676 | D:5      | Reached skill level 5 in Dodging
  6676 | D:5      | Reached skill level 8 in Stealth
  6676 | D:5      | Reached XP level 8. HP: 38/45 MP: 10/13
  6995 | D:5      | Reached skill level 5 in Short Blades
  7057 | D:5      | Learned a level 3 spell: Dazzling Flash
  7117 | D:6      | Reached skill level 8 in Hexes
  7537 | D:6      | Reached skill level 9 in Stealth
  7578 | D:6      | Found a white marble altar of Elyvilon.
  7674 | D:6      | Got an ichor-stained robe
  7675 | D:6      | Identified the +3 robe of Toothy the Leaf {rElec Str+4}
                  | (You found it on level 6 of the Dungeon)
  8155 | D:6      | Found Qettouh's Armour Emporium.
  8167 | D:6      | Reached skill level 3 in Fighting
  8360 | D:7      | Reached skill level 6 in Dodging
  8360 | D:7      | Reached XP level 9. HP: 46/50 MP: 14/14
  8616 | D:7      | Reached ** piety under Dithmenos
  8617 | D:7      | Reached skill level 6 in Short Blades
  8617 | D:7      | Reached skill level 4 in Spellcasting
  8763 | D:7      | Reached skill level 1 in Shields
  8906 | D:7      | Noticed Maggie
  8909 | D:7      | Killed Maggie
  8910 | D:7      | Reached skill level 10 in Stealth
  9002 | D:7      | Reached skill level 9 in Hexes
  9677 | D:8      | Noticed a two-headed ogre
 10010 | D:8      | Killed a two-headed ogre
 10011 | D:8      | Reached skill level 7 in Short Blades
 10011 | D:8      | Reached skill level 7 in Dodging
 10011 | D:8      | Reached skill level 2 in Shields
 10427 | D:8      | Reached XP level 10. HP: 56/56 MP: 11/16
 10486 | D:8      | Reached *** piety under Dithmenos
 10511 | D:8      | Reached skill level 4 in Fighting
 10511 | D:8      | Reached skill level 11 in Stealth
 10636 | D:8      | Found a roughly hewn altar of Beogh.
 10642 | D:8      | Noticed Harold
 10649 | D:8      | Killed Harold
 10780 | D:8      | Noticed Maurice
 10788 | D:8      | Killed Maurice
 10995 | D:8      | Reached skill level 8 in Dodging
 11064 | D:8      | Found a staircase to the Lair.
 11136 | D:6      | Bought the +3 warlock's mirror {reflect} for 520 gold
                  | pieces
 11136 | D:6      | Found the +3 warlock's mirror {reflect}
 11669 | D:9      | Noticed a two-headed ogre
 11682 | D:9      | Killed a two-headed ogre
 11683 | D:9      | Reached skill level 8 in Short Blades
 11683 | D:9      | Reached skill level 3 in Shields
 11683 | D:9      | Reached skill level 5 in Spellcasting
 12078 | D:9      | Reached skill level 12 in Stealth
 12078 | D:9      | Reached skill level 10 in Hexes
 12214 | D:9      | Noticed Joseph
 12345 | D:9      | Killed Joseph
 12608 | D:10     | Entered Level 10 of the Dungeon
 12624 | D:10     | Noticed a wizard
 12635 | D:10     | Killed a wizard
 12701 | D:10     | Noticed a wizard
 12709 | D:9      | Reached **** piety under Dithmenos
 12756 | D:10     | Killed a wizard
 12757 | D:10     | Reached XP level 11. HP: 62/62 MP: 13/18
 12962 | D:10     | Noticed a deep elf mage
 13136 | D:10     | Killed a deep elf mage
 13137 | D:10     | Reached skill level 9 in Dodging
 13185 | D:10     | Noticed a wizard
 13203 | D:10     | Killed a wizard
 13204 | D:10     | Reached skill level 5 in Fighting
 13240 | D:10     | Identified the +6 leather armour "Diguinir" {Harm Dex+2
                  | Slay-2}
 13240 | D:10     | Noticed a wizard
 13257 | D:10     | Killed a wizard
 13258 | D:10     | Reached skill level 9 in Short Blades
 13280 | D:10     | Noticed a wizard
 13287 | D:10     | Killed a wizard
 13288 | D:10     | Reached skill level 13 in Stealth
 13305 | D:10     | Noticed a wizard
 13315 | D:10     | Killed a wizard
 13324 | D:10     | Got a fine buckler
 13333 | D:10     | Identified the +2 buckler "Himnah" {Harm rPois} (You found
                  | it on level 10 of the Dungeon)
 13440 | D:10     | Noticed a wizard
 13450 | D:10     | Killed a wizard
 13451 | D:10     | Reached skill level 4 in Shields
 13451 | D:10     | Noticed a wizard
 13454 | D:10     | Killed a wizard
 13677 | D:10     | Found a runed translucent door.
 13678 | D:10     | Noticed Sassenached's ghost (journeyman DgWn)
 13698 | D:10     | Killed Sassenached's ghost
 13699 | D:10     | Reached skill level 11 in Hexes
 13826 | D:10     | Noticed a white ugly thing
 13830 | D:10     | Killed a white ugly thing
 14189 | D:11     | Reached skill level 6 in Spellcasting
 14208 | D:11     | Noticed Sonja
 14304 | D:11     | Killed Sonja
 14305 | D:11     | Reached XP level 12. HP: 68/68 MP: 18/21
 14336 | D:11     | Noticed Grum
 14348 | D:11     | Reached ***** piety under Dithmenos
 14395 | D:11     | Found a staircase to the Orcish Mines.
 14628 | D:11     | Noticed a two-headed ogre
 14653 | D:10     | Killed a two-headed ogre
 14654 | D:10     | Reached skill level 10 in Dodging
 14654 | D:10     | Reached skill level 14 in Stealth
 15307 | D:11     | Reached skill level 10 in Short Blades
 15462 | D:11     | Noticed a four-headed hydra
 15772 | D:11     | Killed a four-headed hydra
 15976 | D:11     | Killed Grum
 16181 | Lair:1   | Entered Level 1 of the Lair of Beasts
 16244 | Lair:1   | Noticed an eight-headed hydra
 16248 | Lair:1   | Killed an eight-headed hydra
 16478 | Lair:1   | Reached skill level 12 in Hexes
 16723 | Lair:1   | Identified Dadatuoff's Handbook of Confrontation and the
                  | Rocks
 16730 | Lair:1   | Learned a level 4 spell: Leda's Liquefaction
 16832 | Lair:1   | Noticed an eight-headed hydra
 16836 | Lair:1   | Killed an eight-headed hydra
 16837 | Lair:1   | Reached skill level 6 in Fighting
 17325 | Lair:2   | Identified a scroll of acquirement
 17325 | Lair:2   | Acquired 1001 gold pieces
 17332 | Lair:2   | Found a staircase to the Swamp.
 17349 | Lair:2   | Noticed Urug
 17356 | Lair:2   | Killed Urug
 18107 | Lair:3   | Noticed a six-headed hydra
 18192 | Lair:3   | Noticed a boulder beetle
 18195 | Lair:3   | Killed a boulder beetle
 18215 | Lair:2   | Reached skill level 15 in Stealth
 18440 | Lair:3   | Reached skill level 11 in Dodging
 18774 | Lair:3   | Learned a level 3 spell: Vampiric Draining
 18779 | Lair:3   | Learned a level 4 spell: Animate Dead
 18860 | Lair:3   | Reached XP level 13. HP: 75/75 MP: 6/23
 19040 | Lair:3   | Reached skill level 11 in Short Blades
 19224 | Lair:3   | Reached skill level 1 in Necromancy
 19474 | Lair:3   | Reached skill level 13 in Hexes
 19510 | Lair:3   | Reached skill level 7 in Spellcasting
 20006 | Lair:3   | Found a staircase to the Snake Pit.
 20685 | Lair:4   | Reached skill level 2 in Necromancy
 20851 | Lair:4   | Reached skill level 16 in Stealth
 21123 | Lair:4   | You fall into a shaft and drop 2 floors!
 21123 | Lair:6   | Entered Level 6 of the Lair of Beasts
 21229 | Lair:5   | Reached skill level 7 in Fighting
 21501 | Lair:4   | Reached skill level 3 in Necromancy
 21639 | Lair:4   | Reached skill level 12 in Dodging
 22140 | Lair:5   | Reached skill level 12 in Short Blades
 22296 | Lair:5   | Reached ****** piety under Dithmenos
 22302 | Lair:5   | Reached XP level 14. HP: 82/82 MP: 23/25
 22701 | Lair:6   | Found a staircase to the Slime Pits.
 22701 | Lair:6   | Found a viscous altar of Jiyva.
 23653 | Lair:6   | Reached skill level 17 in Stealth
 23653 | Lair:6   | Reached skill level 4 in Necromancy
 24529 | Orc:1    | Entered Level 1 of the Orcish Mines
 24538 | Orc:1    | You fall into a shaft and drop 1 floor!
 24538 | Orc:2    | Entered Level 2 of the Orcish Mines
 25148 | Orc:1    | Noticed an orc warlord
 25188 | Orc:1    | Mangled by an orc warlord

Vanquished Creatures
  The ghost of Sassenached the Fighter, a journeyman DgWn (D:10)
  Harold (D:8)
  7 hydras
  4 catoblepae
  A boulder beetle (Lair:3)
  10 death yaks
  2 two-headed ogres
  Urug (Lair:2)
  Sonja (D:11)
  8 wizards (D:10)
  An ugly thing (D:10)
  A deep elf mage (D:10)
  4 manticores
  4 elephants
  An oklob plant (Lair:1)
  Joseph (D:9)
  2 black mambas
  Maurice (D:8)
  6 cane toads
  2 torpor snails (Lair:5)
  Maggie (D:7)
  4 rime drakes
  6 komodo dragons
  Grinder (D:5)
  A queen bee (Lair:3)
  4 trolls
  21 blink frogs
  A shadow (D:10)
  4 spriggans (Lair:1)
  A water elemental (D:11)
  6 wyverns
  31 yaks
  2 basilisks (Lair:3)
  Grum (D:11)
  4 wargs
  6 nagas (Lair:3)
  Edmund (D:5)
  16 water moccasins
  A hell hound (Orc:2)
  2 sky beasts
  2 ice beasts
  10 orc warriors
  2 black bears
  A necrophage (D:7)
  2 phantoms
  7 wolves
  4 centaurs
  2 ogres
  3 big kobolds
  12 bullfrogs
  A wyvern skeleton (D:7)
  A scorpion (D:4)
  26 killer bees (Lair:3)
  A vampire bat (Lair:5)
  6 electric eels (D:11)
  7 howler monkeys
  6 hounds
  5 jellies
  13 orc priests
  3 bullfrog skeletons
  17 orc wizards
  5 centaur skeletons
  Terence (D:2)
  3 iguanas
  15 worker ants
  3 hound skeletons
  A howler monkey zombie (D:10)
  Robin (D:2)
  2 worker ant zombies
  12 adders
  7 gnolls
  4 white imps
  2 ufetubi
  2 adder zombies
  2 adder skeletons
  A worm (D:4)
  3 leopard geckos
  62 orcs
  8 bats
  6 giant cockroaches
  6 hobgoblins
  18 jackals
  3 quokkas
  A ball python (D:1)
  6 frilled lizards
  21 goblins
  17 kobolds
  6 rats
522 creatures vanquished.

Vanquished Creatures (collateral kills)
  A two-headed ogre (D:9)
  5 ogres
  A howler monkey zombie (D:11)
7 creatures vanquished.

Vanquished Creatures (others)
  An orc priest (Orc:2)
  13 fungi
  113 plants
127 creatures vanquished.

Grand Total: 656 creatures vanquished

Table legend: (Time is in decaauts)
 A = Elapsed time spent in this place.
 B = Non-inter-level travel time spent in this place.
 C = Inter-level travel time spent in this place.
 D = Time resting spent in this place.
 E = Time spent auto-exploring this place.
 F = Levels seen in this place.
 G = Mean time per level.
                   A        B        C        D        E       F      G
               +--------+--------+--------+--------+--------+-----+--------+
         Total |  24800 |  23669 |   1131 |   4135 |  13928 |  20 | 1240.0 |
       Dungeon |  16085 |  15233 |    852 |   3290 |   8290 |  11 | 1462.3 |
        Temple |     43 |     43 |      0 |      0 |     31 |   1 |   43.0 |
          Lair |   8032 |   7754 |    278 |    653 |   5423 |   6 | 1338.7 |
  Orcish Mines |    638 |    638 |      0 |    192 |    184 |   2 |  319.0 |
               +--------+--------+--------+--------+--------+-----+--------+

Top non-repeatable levels by time:
  Lair:3: 2141 daAuts
     D:2: 2014 daAuts
    D:11: 1791 daAuts
    D:10: 1703 daAuts
  Lair:6: 1696 daAuts
     D:7: 1647 daAuts
     D:4: 1484 daAuts
     D:3: 1364 daAuts
     D:8: 1339 daAuts
     D:9: 1300 daAuts
  Lair:4: 1262 daAuts
     D:6: 1244 daAuts
     D:1: 1216 daAuts
  Lair:1: 1136 daAuts
  Lair:2: 1017 daAuts

Table legend:
 A = Non-vault XP
 B = Vault XP
 C = Vault XP percentage of total XP
 D = Non-vault monster count
 E = Vault monster count
 F = Vault count percentage of total count
                 A         B        C        D         E       F
            +---------+---------+-------+---------+---------+-------
      Total |   41592 |   39041 |  48.4 |     354 |     175 |  33.1
            +---------+---------+-------+---------+---------+-------
        D:1 |      19 |       0 |   0.0 |      14 |       0 |   0.0
        D:2 |     116 |      60 |  34.1 |      19 |       7 |  26.9
        D:3 |     206 |       0 |   0.0 |      36 |       0 |   0.0
        D:4 |     378 |     104 |  21.6 |      16 |       3 |  15.8
        D:5 |     525 |     477 |  47.6 |      19 |       3 |  13.6
        D:6 |     572 |      69 |  10.8 |       9 |       8 |  47.1
        D:7 |    1074 |     421 |  28.2 |      29 |       3 |   9.4
        D:8 |    1967 |    1956 |  49.9 |      32 |      18 |  36.0
        D:9 |    1445 |     502 |  25.8 |      20 |       1 |   4.8
       D:10 |    3061 |    8242 |  72.9 |      26 |      12 |  31.6
       D:11 |     978 |    3553 |  78.4 |      12 |      31 |  72.1
     Lair:1 |    3692 |    1295 |  26.0 |      10 |       5 |  33.3
     Lair:2 |     549 |    1746 |  76.1 |       4 |       4 |  50.0
     Lair:3 |    6086 |    7702 |  55.9 |      20 |      51 |  71.8
     Lair:4 |    9054 |       0 |   0.0 |      27 |       0 |   0.0
     Lair:5 |    9200 |      63 |   0.7 |      25 |       5 |  16.7
     Lair:6 |     873 |   12712 |  93.6 |       4 |      23 |  85.2
      Orc:1 |     837 |       0 |   0.0 |       8 |       0 |   0.0
      Orc:2 |     960 |     139 |  12.6 |      24 |       1 |   4.0
            +---------+---------+-------+---------+---------+-------
